[Event "Mitropa Cup Open 2024"]
[Site "Apolda"]
[Date "2024.02.22"]
[Round "8.19"]
[White "Kollars, Dmitrij"]
[Black "Lavrencic, Matic"]
[Result "1-0"]
[ECO "B40"]
[WhiteElo "2632"]
[BlackElo "2299"]
[Annotator "TA"]
[PlyCount "77"]
[EventDate "2024.02.15"]
[EventType "team-tourn"]
[EventCountry "GER"]
[SourceTitle "playchess.com"]
[Source "ChessBase"]
[SourceQuality "1"]
[WhiteTeam "Germany"]
[BlackTeam "Slovenia"]
[WhiteTeamCountry "GER"]
[BlackTeamCountry "SLO"]
[TimeControl "40/5400+30:1800+30"]

1. e4 c5 2. Nf3 e6 3. d4 cxd4 4. Nxd4 Nf6 5. Bd3 Nc6 6. Nxc6 dxc6 7. O-O e5 8. Nd2 Bc5 9. a4 a5 10. Nc4 Qc7 11. Bg5 {[%emt 0:08:44] White has an edge.} Nd7 12. Bd2 O-O 13. Qf3 Re8 14. Qg3 Nf8 15. Rfd1 b6 16. c3 Ba6 17. Be3 Nd7 18. Bf1 Bxe3 19. Qxe3 Bxc4 20. Bxc4 Nc5 21. g3 h6 22. Kg2 Red8 23. Rxd8+ Rxd8 24. b4 Nb7 25. bxa5 Nxa5 26. Ba2 Ra8 27. Rb1 Rb8 28. Rb2 Qd8 29. h4 Rb7 30. Rd2 Qe7 31. h5 Rb8 32. Qd3 Kf8 ({Better is} 32... Nb7 $1 $14) 33. Qf3 $16 {[%emt 0:02:05] Qd1 would now be deadly.} Nb7 34. Qf5 {[%emt 0:00:12] White is more active.} Rd8 {[%emt 0:00:18] [#] Against Rd7} 35. Rb2 $40 {[%emt 0:01:53][%cal Bd2b2,Bb2b6,Bb6a6,Ba6a7][%mdl 160] White goes for the king.} Nd6 (35... Qc7 $16) 36. Qh7 $18 Qf6 $2 (36... Qg5 37. Rxb6 Qg4) 37. Rxb6 Rc8 38. Ra6 Qg5 (38... g6 $18 39. hxg6 (39. Qxh6+ Qg7 $18) 39... Qg7 40. Qxg7+ (40. Ra7 Qxh7 41. gxh7 Kg7 $18) 40... Kxg7 41. gxf7 Rc7) 39. Ra7 {[%emt 0:00:46] Weighted Error Value: White=0.06 (flawless) /Black=0.48.  Mistake:       	---       	Black=4      Inaccurate:     	White=2     	Black=3      OK:         	White=12    	Black=9      Best:        	White=4     	Black=2} 1-0

[Event "Mitropa Cup Open 2024"]
[Site "Apolda"]
[Date "2024.02.22"]
[Round "8.20"]
[White "Olenik Campa, Rudi"]
[Black "Svane, Frederik"]
[Result "1/2-1/2"]
[ECO "B51"]
[WhiteElo "2299"]
[BlackElo "2625"]
[Annotator "TA"]
[PlyCount "82"]
[EventDate "2024.02.15"]
[EventType "team-tourn"]
[EventCountry "GER"]
[SourceTitle "playchess.com"]
[Source "ChessBase"]
[SourceQuality "1"]
[WhiteTeam "Slovenia"]
[BlackTeam "Germany"]
[WhiteTeamCountry "SLO"]
[BlackTeamCountry "GER"]
[TimeControl "40/5400+30:1800+30"]

1. e4 c5 2. Nf3 d6 3. Bb5+ Nd7 4. a4 a6 5. Be2 Ngf6 6. Nc3 b6 7. d4 cxd4 8. Qxd4 {[%emt 0:00:52] White has an edge.} Bb7 9. O-O e6 10. Rd1 Qc7 11. Be3 Ng4 12. Bg5 Nge5 13. Nd2 Rc8 14. Qe3 h6 15. Qh3 Rg8 16. Be3 {[%emt 0:02:21] aiming for f4.} g5 17. f4 gxf4 18. Bxf4 Nf6 19. Bxe5 Qc5+ 20. Kh1 Qxe5 21. Rf1 Be7 (21... Bxe4 $2 22. Ndxe4 (22. Bxa6 $2 Bxg2+ 23. Qxg2 Rxg2 $19) 22... Nxe4 23. Nxe4 (23. Bxa6 Rxc3 24. bxc3 Rg5 $16) 23... Qxe4 24. Rae1 $18 (24. Bxa6 Rxc2 25. Bd3 Qxg2+ 26. Qxg2 Rcxg2 $19)) 22. Rad1 (22. Rf2 $11) 22... Rg6 (22... Bxe4 23. Ncxe4 Nxe4 24. Nxe4 (24. Bxa6 Rxc2 25. Bb5+ Kd8 $11) 24... Qxe4 25. Bh5 $16) 23. Rf2 Qc5 (23... Bxe4 $6 24. Ndxe4 Nxe4 25. Nxe4 Qxe4 26. Bxa6 $16) 24. Rdf1 (24. Rf4 $11 {remains equal.}) 24... Kd7 (24... Qb4 $17 25. Nb3 Nxe4 (25... Bxe4 $2 26. Nxe4 Nxe4 27. Rxf7 $18)) 25. Nb3 Qg5 26. Bf3 (26. Nd2 $11) 26... Kc7 $17 27. Nc1 h5 28. Nd3 Ng4 (28... Rg7 $17 29. Re2 (29. e5 Ng4 $15) 29... Ng4) 29. Re2 (29. Bxg4 $11 {keeps the balance.} hxg4 30. Qg3) 29... Kb8 30. Qg3 Ne5 (30... Ne3 $17 {[%cal Og5g3] Strongly threatening ...Qxg3!} 31. Qxg5 Bxg5) 31. Qxg5 Rxg5 32. Nxe5 ({Avoid the trap} 32. h4 $2 Rg7 33. Nxe5 dxe5 $19) 32... Rxe5 33. Nd1 Rec5 34. c3 Bc6 35. b3 Be8 36. c4 b5 37. axb5 axb5 38. Nb2 bxc4 39. Nxc4 Bb5 40. Rd1 Kc7 41. Ra2 Bxc4 {[%emt 0:06:06] Weighted Error Value: White=0.15 (very precise) /Black=0.11 (very precise) .  Mistake:       	White=4     	Black=3      Inaccurate:     	White=2     	Black=2      OK:         	White=15    	Black=14     Best:        	---       	Black=1} 1/2-1/2

[Event "Mitropa Cup Open 2024"]
[Site "Apolda"]
[Date "2024.02.23"]
[Round "9.1"]
[White "Subelj, Jan"]
[Black "Krstulovic, Alex"]
[Result "0-1"]
[ECO "E90"]
[WhiteElo "2512"]
[BlackElo "2414"]
[Annotator "TA"]
[PlyCount "60"]
[EventDate "2024.02.15"]
[EventType "team-tourn"]
[EventCountry "GER"]
[SourceTitle "playchess.com"]
[Source "ChessBase"]
[SourceQuality "1"]
[WhiteTeam "Slovenia"]
[BlackTeam "Hungary"]
[WhiteTeamCountry "SLO"]
[BlackTeamCountry "HUN"]
[TimeControl "40/5400+30:1800+30"]

1. c4 Nf6 2. Nf3 g6 3. Nc3 Bg7 4. e4 d6 5. d4 Bg4 6. Be3 Nbd7 7. Be2 e5 8. d5 Bxf3 {[%emt 0:00:05] White is slightly better.} 9. Bxf3 h5 10. h4 Bh6 11. Bxh6 Rxh6 12. g3 Kf8 13. Rc1 Kg7 14. b4 Rh8 15. Na4 a5 16. a3 Qb8 {[%emt 0:04:24] White should prevent ...axb4.} 17. O-O Qa7 {[%emt 0:04:58] [#] Hoping for ...axb4.} 18. Nc3 axb4 $1 19. axb4 Qa3 20. Nb5 Qxb4 {[%emt 0:02:16] Strongly threatening ...Qc5.} 21. Nxc7 Rac8 22. Nb5 (22. Rb1 $1 $15 Qxc4 23. Nb5) 22... Rxc4 $17 23. Qe2 Rxc1 24. Rxc1 Ra8 {[%emt 0:01:10] aiming for ...Ra5.} 25. Qc4 Qb2 {[%emt 0:05:17] ...Ra5 would now be deadly.} 26. Kg2 $2 {[%emt 0:02:49][%mdl 8192] This costs White the game.} (26. Nxd6 $2 {is the wrong capture.} Qa3 27. Nxf7 Kxf7 $19 (27... Qxf3 28. Ng5 $17)) (26. Qf1 $17) 26... Ra5 $19 {[%emt 0:01:38] Black is clearly winning.} 27. Be2 {[%emt 0:02:16] [#]} Rxb5 $1 28. Rc2 Qb3 29. Qxb5 Qxc2 30. Bd3 Qc7 {[%emt 0:00:08] Weighted Error Value: White=0.75/Black=0.02 (flawless) .  Loses game:     	White=1     	---        Mistake:       	White=1     	---        Inaccurate:     	White=4     	---        OK:         	White=3     	Black=11     Best:        	White=3     	Black=3      Strong:       	---       	Black=1} 0-1

[Event "Mitropa Cup Open 2024"]
[Site "Apolda"]
[Date "2024.02.23"]
[Round "9.2"]
[White "Juhasz, Agoston"]
[Black "Goroshkov, Maksym"]
[Result "1/2-1/2"]
[ECO "C24"]
[WhiteElo "2410"]
[BlackElo "2338"]
[Annotator "TA"]
[PlyCount "80"]
[EventDate "2024.02.15"]
[EventType "team-tourn"]
[EventCountry "GER"]
[SourceTitle "playchess.com"]
[Source "ChessBase"]
[SourceQuality "1"]
[WhiteTeam "Hungary"]
[BlackTeam "Slovenia"]
[WhiteTeamCountry "HUN"]
[BlackTeamCountry "SLO"]
[TimeControl "40/5400+30:1800+30"]

1. e4 e5 2. Nf3 Nc6 3. Bc4 Nf6 4. d3 d5 5. exd5 Nxd5 6. O-O Nb6 7. Bb5 Bd6 {[%emt 0:00:06] [#]} 8. Nxe5 $1 Bxe5 9. Bxc6+ {[%emt 0:00:13] White is slightly better.} bxc6 10. Re1 Qe7 11. Kh1 O-O {[%emt 0:00:10] [#] Threatens to win with ...Qd6.} 12. f4 f6 13. Nc3 Nd5 14. fxe5 Nxc3 15. bxc3 {[%emt 0:01:21] Hoping for exf6.} fxe5 16. Rb1 a5 17. c4 Rf2 ({Better is} 17... Bf5 $11) 18. Be3 $14 Rf5 19. Qe2 Bd7 20. Bd4 Re8 21. Bc3 a4 22. Qe3 Qh4 23. Rf1 Qe7 (23... e4 {is more complex.} 24. Rxf5 Bxf5 25. Qc5 Bg6) 24. Rxf5 Bxf5 25. Re1 e4 $1 {[%emt 0:02:09] The position is equal.} ({Much weaker is} 25... Qa3 $6 26. Bxe5 Qxa2 27. Qa7 $16) 26. Qd4 Qd7 27. Qxd7 Bxd7 28. dxe4 $11 {[%emt 0:00:21][%mdl 4096] Endgame. KRB-KRB} (28. Rxe4 Rxe4 29. dxe4 c5 $17) 28... Be6 29. a3 Bxc4 30. Kg1 Rf8 31. Rd1 Rf4 32. Rd8+ Kf7 $1 33. h3 (33. Rd7+ Ke6 34. Rd1 Rxe4 35. Bxg7 c5 $15) 33... Rxe4 34. Rd7+ Re7 35. Rxe7+ Kxe7 36. Bxg7 {[%emt 0:00:03] KB-KB} h5 37. Be5 Ke6 38. Bxc7 Kd5 39. Kf2 Kd4 40. Ba5 Bd5 {[%emt 0:00:23] Weighted Error Value: White=0.09 (flawless) /Black=0.07 (flawless) .  Mistake:       	---       	Black=1      Inaccurate:     	White=2     	Black=2      OK:         	White=12    	Black=14     Best:        	White=2     	---        Strong:       	---       	Black=2} 1/2-1/2

[Event "Mitropa Cup Open 2024"]
[Site "Apolda"]
[Date "2024.02.23"]
[Round "9.3"]
[White "Lavrencic, Matic"]
[Black "Vanczak, Tamas"]
[Result "1/2-1/2"]
[ECO "B90"]
[WhiteElo "2299"]
[BlackElo "2431"]
[Annotator "RC"]
[PlyCount "78"]
[EventDate "2024.02.15"]
[EventType "team-tourn"]
[EventCountry "GER"]
[SourceTitle "playchess.com"]
[Source "ChessBase"]
[SourceQuality "1"]
[WhiteTeam "Slovenia"]
[BlackTeam "Hungary"]
[WhiteTeamCountry "SLO"]
[BlackTeamCountry "HUN"]
[TimeControl "40/5400+30:1800+30"]

1. e4 c5 2. Nf3 d6 3. d4 cxd4 4. Nxd4 Nf6 5. Nc3 a6 6. Be3 e5 7. Nf3 Qc7 8. a4 h6 9. Be2 Be6 10. a5 Nbd7 11. O-O Be7 12. Nd5 Nxd5 13. exd5 Bf5 14. c4 Bh7 15. Nd2 O-O 16. b4 e4 17. Nb3 Ne5 18. Rc1 Qd7 19. Nd4 Rfe8 20. Qb3 Rac8 21. h3 Qd8 22. Rfd1 Nd3 23. Bxd3 exd3 24. Nf3 Bf6 25. Qa2 Re4 26. Nd2 Re8 27. Nf3 Bg6 28. Qd2 Qd7 29. Ne1 Re4 30. c5 dxc5 31. Nxd3 Qxd5 32. Nxc5 Qxd2 33. Bxd2 Rd4 34. Be1 Rcd8 35. Rxd4 Rxd4 36. Nxb7 Bg5 37. Ra1 Be7 38. Nc5 Bxc5 39. bxc5 Rc4 1/2-1/2

[Event "Mitropa Cup Open 2024"]
[Site "Apolda"]
[Date "2024.02.23"]
[Round "9.4"]
[White "Pasztor, Balazs"]
[Black "Olenik Campa, Rudi"]
[Result "1-0"]
[ECO "B31"]
[WhiteElo "2395"]
[BlackElo "2299"]
[Annotator "TA"]
[PlyCount "49"]
[EventDate "2024.02.15"]
[EventType "team-tourn"]
[EventCountry "GER"]
[SourceTitle "playchess.com"]
[Source "ChessBase"]
[SourceQuality "1"]
[WhiteTeam "Hungary"]
[BlackTeam "Slovenia"]
[WhiteTeamCountry "HUN"]
[BlackTeamCountry "SLO"]
[TimeControl "40/5400+30:1800+30"]

1. e4 c5 2. Nf3 Nc6 3. Bb5 g6 4. Bxc6 dxc6 5. d3 Bg7 6. h3 Qc7 7. a4 a5 8. O-O h6 {[%emt 0:01:09] [#]} (8... e5 $11) 9. e5 $1 $14 g5 {[%emt 0:08:00][%cal Og5g4] Wards off Bf4} (9... Bxe5 10. Nxe5) 10. Nbd2 g4 11. hxg4 Bxg4 12. Nc4 b5 13. Ne3 h5 14. Re1 e6 15. Qe2 Ne7 16. axb5 Ng6 {[%emt 0:04:22] [#] This costs Black the game.} (16... cxb5 $16 17. Nxg4 hxg4) 17. b6 $1 $18 Qxb6 18. Nc4 Qd8 19. Qe3 {[%emt 0:07:00] Strongly threatening Nd6+.} Bf8 20. Nfd2 Nh4 21. Ne4 {[%emt 0:01:31] Nf6+ would now be deadly. A dynamic duo of knights.} Nf5 $2 (21... Be7 22. Nf6+ (22. Nxc5 Nf5 $18) 22... Bxf6) 22. Nf6+ Qxf6 23. Qe4 Qg6 24. Qxc6+ (24. Nxa5 Nd4 25. Nb3 Rxa1 26. Qxg6 fxg6 $19) 24... Ke7 25. Qb7+ {[%emt 0:00:12] Weighted Error Value: White=0.05 (flawless) /Black=0.60.  Mistake:       	---       	Black=3      Inaccurate:     	White=1     	Black=1      OK:         	White=6     	Black=6      Best:        	White=3     	Black=1      Brilliant:      	White=1     	---} 1-0

[Event "Mitropa Cup Open 2024"]
[Site "Apolda"]
[Date "2024.02.23"]
[Round "9.5"]
[White "Moroni, Luca Jr"]
[Black "Girel, Joseph"]
[Result "0-1"]
[ECO "D32"]
[WhiteElo "2601"]
[BlackElo "2492"]
[Annotator "TA"]
[PlyCount "76"]
[EventDate "2024.02.15"]
[EventType "team-tourn"]
[EventCountry "GER"]
[SourceTitle "playchess.com"]
[Source "ChessBase"]
[SourceQuality "1"]
[WhiteTeam "Italy"]
[BlackTeam "France"]
[WhiteTeamCountry "ITA"]
[BlackTeamCountry "FRA"]
[TimeControl "40/5400+30:1800+30"]

1. d4 d5 2. c4 e6 3. Nf3 Nf6 4. Nc3 c5 5. cxd5 exd5 6. Bg5 Be6 7. e3 c4 8. Be2 Bb4 9. O-O O-O {[%emt 0:01:27] White has an edge.} 10. Rc1 Nbd7 11. Ne5 Bxc3 12. bxc3 h6 13. Bf4 Bf5 14. h3 Re8 15. Qa4 a6 16. Qb4 Re6 17. f3 b5 18. a4 a5 (18... Nxe5 $15 19. dxe5 Nd7 20. axb5 Rb8 (20... Nxe5 21. Qc5 $15)) 19. Qa3 {[%emt 0:01:34] [#]} (19. Qxb5 Rb6 20. Nxd7 (20. Nc6 $2 Qe8 $19) 20... Rxb5 21. Nxf6+ Qxf6 $15) (19. Qb2 $1 $11 {remains equal.}) 19... b4 $1 $36 {[%emt 0:01:19][%mdl 2560] Black is in control.} 20. cxb4 (20. Qb2 b3) 20... Qe7 21. e4 axb4 (21... dxe4 22. Bxc4 (22. Rxc4 Nd5 $11) 22... axb4 23. Qb3 $16) 22. Qb2 {[%emt 0:00:33] This move loses the game for White.} (22. Qe3 $15 Bg6 (22... dxe4 23. Bxc4 Rxa4 24. fxe4 $11) (22... Nxe5 23. dxe5 Rxe5 24. Bxe5 $11) 23. Ra1) 22... c3 $19 (22... dxe4 23. Bxc4 (23. Rxc4 Nd5 $15) 23... exf3 24. Rxf3 $14) 23. Qb3 dxe4 24. Bc4 Nb6 {[%emt 0:04:31] ...Nxc4 would now be deadly.} 25. g4 $2 (25. fxe4 {might work better.} Nxc4 (25... Nxe4 $2 26. Be3 $19) 26. exf5) 25... Nxc4 26. Qxc4 Bh7 27. Nc6 Qb7 28. Nxb4 Rc8 29. Qb3 Rb6 30. Rxc3 Rxc3 (30... Rxb4 $2 31. Qxb4 (31. Rxc8+ Qxc8 32. Qxb4 Nd7 $18) 31... Qxb4 32. Rxc8+ $18) 31. Qxc3 Rxb4 32. a5 (32. Rc1 $142 Bg6 (32... exf3 33. Qc8+ Qxc8 34. Rxc8+) 33. Qc8+ Qxc8 34. Rxc8+ Kh7 35. fxe4) 32... Nd5 33. Qc5 Rb1 34. Rxb1 Qxb1+ 35. Bc1 Bg6 {[%emt 0:01:11] Strongly threatening ...Nf4.} (35... exf3 36. Qc8#) 36. a6 exf3 (36... Qa2 $142 37. Qb5 exf3) 37. a7 (37. Qxd5 $19 Qxc1+ 38. Kf2) 37... Qa2 (37... Qe4 $142 38. a8=Q+ Kh7 39. Qc3 Qe2 (39... Nxc3 $2 40. Qxe4 Bxe4 41. Bd2 $19) 40. Qxf3 Qxf3 41. Qxd5 Qxd5 42. Kf2 Qa2+ (42... Qxd4+ 43. Ke2 Bd3+ 44. Ke1 g5 45. h4 gxh4 46. g5 Bb5 47. g6+ fxg6 48. Bf4 g5 49. Bc1 Qd3 50. Kf2 Qg3#) 43. Kf3 Bd3 (43... Qh2 $2 44. Bf4 $19) 44. g5 Qe2+ 45. Kg3 hxg5 (45... Qe1+ {is a self mate.} 46. Kf3 Kg6 47. Be3 Kf5 48. Bf2 Qe4+ 49. Kg3 Bf1 50. Be3 Qg2+ 51. Kh4 Qxh3#) 46. Bxg5 Be4 (46... Qe1+ {leads to mate.} 47. Kf3 f6 48. Be3 Qe2+ 49. Kg3 Be4 50. Bf4 Qg2+ 51. Kh4 g5+ 52. Kh5 Qxh3#) 47. Kf4 f6 (47... Qf3+ {gets mated.} 48. Ke5 Qf5+ 49. Kd6 Qd5+ 50. Kc7 Qc6+ 51. Kd8 Bf5 52. Ke7 Kg8 53. h4 Qd7#) 48. Bxf6 gxf6 (48... Qf3+ 49. Ke5 Qf5+ 50. Kd6 Qd5+ 51. Kc7 Qc6+ 52. Kd8 Qd6+ 53. Kc8 Bc6 54. Be5 Qd7+ 55. Kb8 Qb7#) 49. Kg3 Qg2+ 50. Kh4 Qg5#) 38. Bb2 Qxb2 {[%emt 0:00:57] Weighted Error Value: White=0.93/Black=0.54.  Loses game:     	White=1     	---        Mistake:       	White=3     	Black=1      Inaccurate:     	White=4     	Black=2      OK:         	White=6     	Black=11     Best:        	White=2     	Black=4      Brilliant:      	---       	Black=1} 0-1

[Event "Mitropa Cup Open 2024"]
[Site "Apolda"]
[Date "2024.02.23"]
[Round "9.6"]
[White "Makkar, Rajat"]
[Black "Brunello, Sabino"]
[Result "0-1"]
[ECO "A35"]
[WhiteElo "2453"]
[BlackElo "2512"]
[Annotator "TA"]
[PlyCount "80"]
[EventDate "2024.02.15"]
[EventType "team-tourn"]
[EventCountry "GER"]
[SourceTitle "playchess.com"]
[Source "ChessBase"]
[SourceQuality "1"]
[WhiteTeam "France"]
[BlackTeam "Italy"]
[WhiteTeamCountry "FRA"]
[BlackTeamCountry "ITA"]
[TimeControl "40/5400+30:1800+30"]

1. Nf3 c5 2. c4 Nc6 3. Nc3 g6 4. e3 Bg7 5. d4 d6 6. d5 Na5 7. Bd3 Nf6 8. h3 O-O 9. O-O {[%emt 0:03:13] White is slightly better.} e5 10. e4 a6 11. a3 b5 12. cxb5 c4 13. Bc2 axb5 14. Nxb5 Bd7 15. a4 (15. Nxd6 Qe7 $15) 15... Qb8 16. Bd2 $1 Bxb5 17. axb5 Qxb5 18. Ra4 Nb7 19. Rb4 Qa6 20. Ra4 ({White should try} 20. Be3 $16) 20... Qb5 $11 21. Rb4 (21. Bc3 $11) 21... Qa6 $16 22. Be3 Rfb8 23. Rb6 ({White should play} 23. Qe2 $16) 23... Qa2 $1 $14 24. Nd2 {[%emt 0:00:28] aiming for Bb1.} Nd7 $1 25. Rc6 Nbc5 26. Bb1 Qxb2 {[%emt 0:00:50] Hoping for ...Ra1.} 27. Nxc4 (27. Rxd6 $2 Ra1 28. Bxc5 Nxc5 29. Nxc4 Qb5 $19 (29... Qxb1 $2 30. Qxb1 Rbxb1 31. Rd8+ Bf8 32. Rxb1 $19)) 27... Qb4 28. Nxd6 {[%emt 0:03:59] Qf3 would now be deadly.} Ra1 {[%emt 0:00:15] [#] Threatens to win with ...Bf8.} 29. Bxc5 $2 (29. Qf3 $1 $16 f5 30. Bd3) 29... Nxc5 $11 30. Qf3 $1 f5 31. Bd3 (31. Bc2 $11 Rxf1+ 32. Kxf1) 31... Ra3 $17 32. Rd1 {[%emt 0:02:56] This costs White the game.} (32. exf5 $17 Rxd3 33. Qe2) 32... Nxd3 $19 (32... Rxd3 33. Rxd3 Nxd3 34. Qxd3 $14) 33. Nxf5 $2 (33. Qe2 Nf4 34. Qc4) 33... Nb2 34. Qg4 {[%emt 0:01:07] [#] And now Rdc1 would win.} gxf5 35. Qxf5 Nxd1 36. d6 Rf8 {[%emt 0:00:53] Black mates.} 37. Qe6+ Kh8 38. d7 Qe1+ (38... Rxf2 39. d8=Q+ (39. d8=R+ $2 Rf8 $19) 39... Rf8 40. Qxd1 $16) 39. Kh2 Nxf2 ({Worse is} 39... Rxf2 40. d8=Q+ (40. d8=B $2 {gets mated.} Rxg2+ 41. Kxg2 Qg3+ 42. Kh1 Nf2#) 40... Rf8 41. Qxf8+ (41. Qg5 Ra7 $11) 41... Bxf8 42. Qxe5+ (42. Qf6+ Kg8 $11) 42... Kg8 43. Qe6+ Kh8 44. Qf6+ Kg8 45. Qe6+ Kh8 46. Qe5+ Kg8 47. Qg5+ Kh8 48. Qe5+ $11) 40. Rc8 Qh1# {[%emt 0:00:05] Weighted Error Value: White=0.80/Black=0.05 (flawless) .  Loses game:     	White=1     	---        Mistake:       	White=6     	---        Inaccurate:     	White=1     	---        OK:         	White=5     	Black=8      Best:        	White=3     	Black=5      Strong:       	White=2     	Black=2} 0-1

[Event "Mitropa Cup Open 2024"]
[Site "Apolda"]
[Date "2024.02.23"]
[Round "9.7"]
[White "Carnicelli, Valerio"]
[Black "Velten, Paul"]
[Result "0-1"]
[ECO "B12"]
[WhiteElo "2427"]
[BlackElo "2470"]
[Annotator "TA"]
[PlyCount "93"]
[EventDate "2024.02.15"]
[EventType "team-tourn"]
[EventCountry "GER"]
[SourceTitle "playchess.com"]
[Source "ChessBase"]
[SourceQuality "1"]
[WhiteTeam "Italy"]
[BlackTeam "France"]
[WhiteTeamCountry "ITA"]
[BlackTeamCountry "FRA"]
[TimeControl "40/5400+30:1800+30"]

1. e4 c6 2. d4 d5 3. e5 Bf5 4. Nd2 e6 5. Nb3 Nd7 6. Nf3 c5 {[%emt 0:01:12] B12: Caro-Kann: Advance Variation.} 7. dxc5 Bxc5 8. Nxc5 Nxc5 9. Bb5+ Nd7 10. O-O Ne7 11. Nd4 O-O 12. Bg5 Bg6 13. Bxe7 (13. c4 {keeps more tension.} Nxe5 14. cxd5 f6 15. Nxe6 Qb6 16. Nxf8 Kxf8 17. d6) 13... Qxe7 14. Bxd7 Qxd7 15. a4 $146 ({Predecessor:} 15. Re1 Rfc8 16. c3 b5 17. h4 h6 18. h5 Bh7 19. Re3 Rab8 20. Rg3 Kh8 21. Qg4 {0-1 Rublevsky,S (2637)-Faizrakhmanov,R (2480) Kazan Mayors Cup rapid 2022 (2)}) 15... Rac8 16. c3 Qd8 17. Re1 Qg5 18. Qc1 Qh4 19. Qe3 a6 20. a5 Rc7 21. Ra4 Qe7 22. Rb4 Rfc8 23. Ra1 Rc4 24. Raa4 h6 25. h3 R8c5 26. Nb3 $1 Rb5 27. Qd2 ({White should try} 27. Rxb5 $11 Rxa4 28. Rb6) 27... Qc7 ({Better is} 27... Bc2 $1 $15 28. Rxc4 (28. Qxc2 $2 Rbxb4 29. Ra1 Qc7 $19) 28... dxc4 29. Qxc2 cxb3) 28. f4 $1 $11 Be4 29. Qe2 Rbxb4 30. Rxb4 Bg6 31. Qd2 Bb1 32. Rxc4 (32. Rb6 $11 {keeps the balance.}) 32... Qxc4 $17 (32... dxc4 33. Qd6 Qxd6 34. exd6 $18) 33. Nd4 Qa2 34. f5 $2 (34. g4 $17) 34... Bxf5 $19 ({Not} 34... Qxa5 35. fxe6 fxe6 36. Nxe6 Qb6+ 37. Nd4 $11) 35. Nxf5 Qb1+ ({Much less strong is} 35... exf5 36. Qc2 $19) 36. Kh2 Qxf5 37. Qd4 Qe4 38. Qxe4 dxe4 39. h4 {[%emt 0:04:43] [#]} h5 $2 ({Black should play} 39... f5 $1 $19 40. Kg3 g5 41. hxg5 hxg5) 40. Kg3 $2 (40. c4 $11) 40... f5 $19 41. b4 Kf7 42. c4 Ke7 43. Kf4 Kd7 44. b5 Kc7 45. Ke3 b6 46. c5 bxa5 (46... bxc5 47. b6+ Kc6 48. g3 $11) 47. Kd4 0-1

[Event "Mitropa Cup Open 2024"]
[Site "Apolda"]
[Date "2024.02.23"]
[Round "9.8"]
[White "Decuigniere, Tom"]
[Black "Perossa, Nicolas"]
[Result "1-0"]
[ECO "E71"]
[WhiteElo "2401"]
[BlackElo "2277"]
[Annotator "TA"]
[PlyCount "125"]
[EventDate "2024.02.15"]
[EventType "team-tourn"]
[EventCountry "GER"]
[SourceTitle "playchess.com"]
[Source "ChessBase"]
[SourceQuality "1"]
[WhiteTeam "France"]
[BlackTeam "Italy"]
[WhiteTeamCountry "FRA"]
[BlackTeamCountry "ITA"]
[TimeControl "40/5400+30:1800+30"]

1. d4 Nf6 2. c4 g6 3. Nc3 Bg7 4. e4 d6 5. h3 e5 6. d5 {[%emt 0:01:01] E71: King's Indian: 4 e4 d6 5 h3.} a5 7. Be3 Na6 8. g4 Nd7 9. Qd2 $146 ({Predecessor:} 9. Nf3 Ndc5 10. a3 a4 11. Nd2 Bd7 12. Rg1 h6 13. Qe2 Bf6 14. O-O-O Bg5 15. Kb1 {½-½ Narayanan,S (2663)-Rapport,R (2754) Bundesliga 2223 2022 (8.2)}) 9... h5 10. g5 Ndc5 11. h4 O-O 12. f3 Bd7 13. Nh3 b6 14. Rg1 Nb4 15. Nf2 Kh7 16. Rb1 Nba6 17. Nh3 Qe7 (17... f6 $15) 18. b3 $11 Rae8 19. Ke2 Ra8 20. Rg3 Nb4 21. Kf2 Nba6 22. Kg1 Rg8 23. Kh2 Raf8 24. Ne2 (24. a3 $16) 24... Ra8 $14 (24... f5 25. gxf6 Bxf6 26. Ng5+ Bxg5 27. Bxg5 $16) 25. Nc3 Raf8 $1 26. Nb5 Rc8 27. Qd1 Rcd8 28. Rb2 c6 29. Nc3 Nc7 $1 30. a3 cxd5 31. cxd5 (31. Nxd5 Nxd5 32. cxd5 Ra8 $11) (31. exd5 $14 e4 32. Bd4) 31... Qe8 (31... Ra8 $1 $11) 32. b4 axb4 33. axb4 Na4 34. Nxa4 Bxa4 35. Qd2 Rb8 36. Ng1 Bb5 37. Ne2 Qe7 38. Rg1 Rgf8 39. Rc2 Rfc8 40. Bh3 Bd7 41. Bxd7 Qxd7 42. Rgc1 Nb5 43. Rxc8 Rxc8 44. Bxb6 Rb8 (44... Ra8 $142) 45. Bf2 f5 46. Ng3 fxe4 $1 47. Nxe4 Qf5 48. Kg2 Rf8 $2 (48... Ra8 $14) 49. Qd3 $18 Nd4 $2 (49... Rf7 50. Qe2 (50. Qxb5 $2 Qxf3+ 51. Kg1 Qxe4 $19) (50. Rc6 Rf8 $18) 50... Qf4) 50. Bxd4 $18 exd4 51. b5 Kh8 52. Rc7 Ra8 53. Nf2 (53. b6 $142 Ra2+ 54. Rc2 Qxd5 55. Rxa2 Qxa2+ 56. Nf2) 53... Qxd3 $18 54. Nxd3 Rb8 55. Nf4 Rxb5 (55... Kg8 $142 56. Kf2 (56. Nxg6 d3 $18) (56. Ne6 Bh8 $18) 56... Rxb5 57. Nxg6 d3) 56. Nxg6+ $18 Kg8 57. Ne7+ Kf8 58. Nf5 d3 {[%emt 0:00:35] [#]} 59. g6 $1 (59. Rxg7 Rb2+ 60. Kg3 (60. Kf1 $2 Rb1+ 61. Kf2 d2 $19) 60... d2 $15) ({Less strong is} 59. Rc8+ Kf7 60. Nxd6+ Ke7 61. Nf5+ (61. Nxb5 d2 $11) 61... Kd7 $16) 59... Rb8 60. Rf7+ Ke8 61. Nxg7+ Kd8 62. Ne6+ Ke8 63. Rf8+ 1-0